 Dungeon Crawl Stone Soup version 0.31-a0-819-gf6de2f5ab6 (webtiles) character file.

Game seed: 15998502493158879206

157 qw the Shooter (level 5, -11/32 HPs)
             Began as a Gargoyle Hunter on Sept 23, 2023.
             Killed by divine providence
             ... invoked by an orc priest
              (14 damage)
             ... on level 3 of the Dungeon.
             The game lasted 00:00:46 (1558 turns).

qw the Shooter (Gargoyle Hunter)                    Turns: 1558, Time: 00:00:46

Health: -11/32     AC: 10    Str: 15    XL:     5   Next: 38%
Magic:  5/5        EV: 11    Int:  9    God:
Gold:   164        SH:  0    Dex: 15    Spells: 4/4 levels left

rFire   + . .        Y - +1 shortbow
rCold   . . .        (shield currently unavailable)
rNeg    + . .        g - +0 ring mail
rPois   inf          b - +0 helmet
rElec   +            (no cloak)
rCorr   .            (no gloves)
SInv    .            (no boots)
Will    .....        (no amulet)
Stlth   +            e - ring of protection from fire
HPRegen 0.25/turn    (no ring)
MPRegen 0.09/turn

%: no passive effects
@: no status effects
A: sickness immunity, AC +4, negative energy resistance 1, electricity
resistance, torment resistance 1, petrification resistance
a: no special abilities


You were on level 3 of the Dungeon.
You visited 1 branch of the dungeon, and saw 3 of its levels.

You collected 164 gold pieces.


Innate Abilities, Weirdness & Mutations

You are immune to sickness and miasma.
Your stone body is resilient. (AC +4)
You are immune to poison.
You resist negative energy. (rN+)
You are resistant to electric shocks. (rElec)
You are resistant to unholy torment.
You are immune to petrification.


   Skills:
 + Level 3.0 Fighting
 - Level 6.0 Ranged Weapons
 - Level 1.4 Armour
 - Level 1.5 Dodging
 - Level 1.1 Stealth


You had 4 spell levels left.
You didn't know any spells.
Your spell library was empty.

Inventory:

Hand Weapons
 Y - a +1 shortbow (weapon)
Armour
 b - a +0 helmet (worn)
 g - a +0 ring mail (worn)
Jewellery
 e - a ring of protection from fire (left hand)
Scrolls
 k - a scroll of identify
Potions
 d - a potion of degeneration {unknown}
 i - a potion of brilliance {unknown}

Dungeon Overview and Level Annotations

Branches:
Dungeon (3/15)

Altars:

Shops:
D:3 (


Message History

The orc is severely wounded.
The orc barely misses you.
You shoot an arrow. The arrow hits the orc!
You kill the orc!
Your Ranged Weapons skill increases to level 6!
You shoot an arrow. The arrow hits the orc priest.
The orc priest is moderately wounded.
The orc priest calls down the wrath of Beogh upon you.
Pain shoots through your body!
You shoot an arrow. The arrow hits the orc priest.
The orc priest is severely wounded.
The orc priest mumbles some strange prayers to Beogh against you.
Beogh smites you!
You shoot an arrow. The arrow hits the orc priest.
The orc priest is severely wounded.
The orc priest hits you but does no damage.
You shoot an arrow. The arrow barely misses the orc priest.
The orc priest looks satisfied for a moment.
You shoot an arrow.
The arrow closely misses the orc priest.
The orc priest hits you with a +0 whip.
You shoot an arrow.
The arrow hits the orc priest but does no damage.
The orc priest is severely wounded.
The orc priest hits you but does no damage.
You shoot an arrow.
The arrow completely misses the orc priest.
The orc priest hits you but does no damage.
You shoot an arrow. The arrow barely misses the orc priest.
The orc priest hits you but does no damage.
The orc priest mumbles some strange prayers to Beogh against you.
Beogh smites you!
You shoot an arrow. The arrow hits the orc priest.
The orc priest is severely wounded.
The orc priest hits you but does no damage.
You shoot an arrow.
The arrow completely misses the orc priest.
The orc priest calls down the wrath of Beogh upon you.
Beogh smites you!
You die...

#.###.........#
#....####.###.# .###.
#.##.####.#.#.# ....
............#.# ..# #
#..#<####.#.#.####..##.#
##.#.........)).........
##.#.#.##......\........
##.#.#.........)%.......
##.#.#?.........@.......
##.#....#.......)o......
##.###. #.........)...$.
##.# #...............
#..>.....!......
#...............
#...............
...............


You could see an orc priest.

Vanquished Creatures
  An orc priest (D:3)
  An orc wizard (D:3)
  2 adders
  3 gnolls (D:2)
  5 orcs (D:3)
  2 endoplasms (D:1)
  5 hobgoblins
  3 jackals (D:2)
  3 kobolds
  3 quokkas
  5 ball pythons
  3 bats
  3 frilled lizards
  8 goblins
  5 rats
52 creatures vanquished.

Notes
Turn   | Place    | Note
-------+----------+-------------------------------------------
     0 | D:1      | qw the Gargoyle Hunter began the quest for the Orb.
     0 | D:1      | Reached XP level 1. HP: 12/12 MP: 1/1
     0 | D:1      | 0 ||| qw: Version: 0.3-a-83-gcd0e7d8
     0 | D:1      | 0 ||| qw: Game counter: 1620
     0 | D:1      | 0 ||| qw: Melee chars always use a shield: true
     0 | D:1      | 0 ||| qw: God list: Okawaru
     0 | D:1      | 0 ||| qw: Allow faded altars: false
     0 | D:1      | 0 ||| qw: Do Orc after clearing Dungeon:15 true
     0 | D:1      | 0 ||| qw: Do second Lair branch before Depths: true
     0 | D:1      | 0 ||| qw: Lair rune preference: random
     0 | D:1      | 0 ||| qw: Goals: Normal
     0 | D:1      | 0 ||| PLANNING D:1-11
    87 | D:1      | Reached XP level 2. HP: 17/17 MP: 2/2
   608 | D:1      | 608 ||| UPGRADING to +0 ring mail.
   618 | D:1      | 618 ||| DROPPING +0 leather armour.
   619 | D:1      | 619 ||| UPGRADING to ring of protection from fire.
   620 | D:1      | 620 ||| READING scroll labelled QIUMAG XUAFO.
   621 | D:1      | 621 ||| READING scroll labelled PAIS ULLERILE.
   622 | D:1      | 622 ||| READING 2 scrolls labelled EKKOSI ETURE.
   623 | D:1      | 623 ||| DRINKING 2 murky dark potions.
   624 | D:1      | 624 ||| DROPPING scroll of butterflies.
   625 | D:1      | 625 ||| DROPPING potion of invisibility.
   672 | D:2      | Reached XP level 3. HP: 21/21 MP: 3/3
   682 | D:2      | 682 ||| FLEEEEING.
   683 | D:2      | 683 ||| FLEEEEING.
   690 | D:2      | Reached skill level 1 in Armour
   690 | D:2      | 690 ||| STAIRDANCE
   720 | D:2      | 720 ||| Stepping ~*~*~tactically~*~*~ (retreating).
   721 | D:2      | 721 ||| Stepping ~*~*~tactically~*~*~ (retreating).
   724 | D:2      | Reached skill level 5 in Ranged Weapons
   728 | D:2      | HP: 5/21 [gnoll/+0 flail (4)]
   728 | D:2      | HP: 2/21 [gnoll/+0 flail (3)]
   729 | D:2      | Reached XP level 4. HP: 2/27 MP: 4/4
   751 | D:2      | 751 ||| FLEEEEING.
   791 | D:2      | 791 ||| FLEEEEING.
   792 | D:2      | 792 ||| STAIRDANCE
   870 | D:2      | Reached skill level 3 in Fighting
  1375 | D:2      | 1375 ||| UPGRADING to +0 helmet.
  1380 | D:2      | 1380 ||| DRINKING 2 green potions.
  1381 | D:2      | 1381 ||| DROPPING potion of magic.
  1435 | D:3      | Found Muonarph's Weapon Shop.
  1482 | D:3      | Reached XP level 5. HP: 21/32 MP: 5/5
  1549 | D:3      | Reached skill level 6 in Ranged Weapons
  1556 | D:3      | HP: 3/32 [orc priest/divine providence (13)]
  1558 | D:3      | Killed from afar by an orc priest

Levels and vault maps discovered:
D:1:      dpeg_arrival_boxorama, layout_rooms, minmay_misc_feat_ornament,
          wander_ebering_terrifying_dragon_lair
D:2:      layout_loops_cross
D:3:      layout_basic, nicolae_tso_carved_into_rock,
          mainiacjoe_overflow_six_doors_small, serial_shops, shop,
          shapermc_ecumenical_altar_mp_ritualfount

Skill      XL: |  1  2  3  4  5 |
---------------+----------------+-----
Armour         | 1 |  1.4
Ranged Weapons | 5 6 |  6.0
Fighting       | 3 |  3.0
Dodging        | |  1.5
Stealth        | |  1.1

Action                     |  1- 3 |  4- 6 || total
---------------------------+-------+-------++-------
   Fire: Shortbow          |    77 |   105 ||   182
    Use: Scroll            |     3 |       ||     3
         Potion            |     1 |     1 ||     2
 Armour: Leather armour    |     5 |       ||     5
         Ring mail         |    21 |    48 ||    69
  Dodge: Dodged            |    32 |    38 ||    70

Table legend:
 A = Non-vault XP
 B = Vault XP
 C = Vault XP percentage of total XP
 D = Non-vault monster count
 E = Vault monster count
 F = Vault count percentage of total count
                 A         B        C        D         E       F
            +---------+---------+-------+---------+---------+-------
      Total |     224 |       1 |   0.4 |      51 |       1 |   1.9
            +---------+---------+-------+---------+---------+-------
        D:1 |      31 |       1 |   3.1 |      19 |       1 |   5.0
        D:2 |      82 |       0 |   0.0 |      20 |       0 |   0.0
        D:3 |     111 |       0 |   0.0 |      12 |       0 |   0.0
            +---------+---------+-------+---------+---------+-------
